 Dungeon Crawl Stone Soup version 0.28-a0-500-g121bc3e445 (webtiles) character file.

Game seed: 2739999618104863983

71 Shayle the Skirmisher (level 4, -5/49 HPs)
             Began as an Ogre Warper on Sept 20, 2021.
             Slain by a centaur (6 damage)
             ... on level 3 of the Dungeon.
             The game lasted 00:03:57 (2817 turns).

Shayle the Skirmisher (Ogre Warper)                 Turns: 2817, Time: 00:03:58

Health: -5/49      AC:  3    Str: 15    XL:     4   Next: 24%
Magic:  7/7        EV:  9    Int: 15    God:
Gold:   135        SH:  0    Dex:  8    Spells: 7/7 levels left

rFire   . . .      SeeInvis .   a - +0 spear
rCold   . . .      Faith    .   (no shield)
rNeg    . . .      Spirit   .   b - +0 robe
rPois   .          Reflect  .   (helmet restricted)
rElec   .          Harm     .   (no cloak)
rCorr   .          Rampage  .   (gloves unavailable)
Will    .....                   (boots unavailable)
Stlth   +.........              (no amulet)
HPRegen 0.16/turn               (no ring)
MPRegen 0.10/turn               (no ring)

@: no status effects
A: large, unfitting armour, tough skin 1
a: no special abilities


You were on level 3 of the Dungeon.
You visited 1 branch of the dungeon, and saw 3 of its levels.

You collected 135 gold pieces.

Inventory:

Hand Weapons
 a - a +0 spear (weapon)
Missiles
 d - 5 boomerangs of dispersal (quivered)
Armour
 b - a +0 robe (worn)
Scrolls
 c - a scroll of blinking
 e - a scroll of fog {unknown}
 g - 4 scrolls of identify {unknown}


   Skills:
 + Level 4.5 Fighting
 + Level 3.3 Polearms
 - Level 1.0 Throwing
 - Level 2.1 Dodging
 - Level 2.4 Spellcasting
 - Level 2.6 Translocations


You had 7 spell levels left.
You didn't know any spells.
Your spell library contained the following spells:

 Spells                   Type           Power      Damage    Failure   Level
 Blink                    Tloc           N/A        N/A       11%         2
 Beastly Appendage        Tmut           2%         N/A       22%         1
 Gell's Gravitas          Tloc           4%         N/A       22%         3
 Lesser Beckoning         Tloc           9%         N/A       22%         3
 Teleport Other           Tloc           9%         N/A       22%         3
 Slow                     Hex            1%         N/A       32%         2
 Wereblood                Tmut           1%         N/A       32%         2
 Confusing Touch          Hex            1%         N/A       54%         3
 Dazzling Flash           Conj/Hex       2%         N/A       54%         3
 Spider Form              Tmut/Pois      0%         N/A       54%         3
 Vampiric Draining        Necr           0%         2d6       54%         3
 Manifold Assault         Tloc           9%         N/A       89%         5
 Agony                    Necr           1%         N/A       99%         5
 Silence                  Hex/Air        0%         N/A       99%         5


Dungeon Overview and Level Annotations

Branches:
Dungeon (3/15)

Altars:

Shops:
D:1 [


Innate Abilities, Weirdness & Mutations

You are too large for most types of armour.
You have tough skin. (AC +1)


Message History

* * * LOW HITPOINT WARNING * * *
You feel better. The centaur barely misses you. The centaur kicks you.
You hit the centaur but do no damage.
The centaur is severely wounded.
The centaur hits you.
* * * LOW HITPOINT WARNING * * *
The centaur kicks you.
* * * LOW HITPOINT WARNING * * *
The centaur hits you but does no damage.
The centaur barely misses you.
You barely miss the centaur.
The centaur is severely wounded.
The centaur hits you but does no damage.
The centaur barely misses you.
Unknown command.
You hit the centaur.
The centaur is almost dead.
The centaur hits you but does no damage.
The centaur barely misses you.
Unknown command.
You completely miss the centaur.
The centaur is almost dead.
The centaur hits you.
* * * LOW HITPOINT WARNING * * *
The centaur kicks you but does no damage.
The centaur hits you but does no damage.
The centaur barely misses you.
You hit the centaur.
The centaur is almost dead.
The centaur hits you.
* * * LOW HITPOINT WARNING * * *
The centaur kicks you.
* * * LOW HITPOINT WARNING * * *
Unknown command.
You hit the centaur but do no damage.
The centaur is almost dead.
The centaur hits you.
* * * LOW HITPOINT WARNING * * *
The centaur completely misses you. The centaur hits you.
You die...

# # ...# # ...# #
... ..# ####### ..#
......# ..#
#####.###########c.#
#...........@..#
##############.# #


You could see a centaur.

Vanquished Creatures
  3 adders (D:2)
  2 dart slugs
  5 ball pythons
  4 endoplasms
  5 goblins
  6 hobgoblins
  2 quokkas (D:2)
  5 kobolds
  6 rats
38 creatures vanquished.

Vanquished Creatures (others)
  3 fungi (D:2)
  13 plants (D:2)
16 creatures vanquished.

Grand Total: 54 creatures vanquished

Notes
Turn   | Place    | Note
-------+----------+-------------------------------------------
     0 | D:1      | Shayle the Ogre Warper began the quest for the Orb.
     0 | D:1      | Reached XP level 1. HP: 22/22 MP: 3/3
   215 | D:1      | Reached skill level 3 in Fighting
   285 | D:1      | Reached XP level 2. HP: 31/31 MP: 5/5
   769 | D:1      | Found Otoupel's Antique Armour Boutique.
  1083 | D:2      | Reached XP level 3. HP: 39/39 MP: 6/6
  1259 | D:2      | Reached skill level 4 in Fighting
  2308 | D:2      | Reached XP level 4. HP: 49/49 MP: 7/7
  2611 | D:2      | Found a faded altar of an unknown god.
  2791 | D:3      | Noticed a centaur
  2817 | D:3      | HP: 1/49 [centaur (4)]
  2817 | D:3      | Slain by a centaur

Illustrated notes

Levels and vault maps discovered:
D:1:      evilmike_arrival_crescent, layout_basic, serial_shops, shop
D:2:      layout_loops_corners, shapermc_ecumenical_altar_hornbeckon
D:3:      layout_loops_ring, minmay_increasing_density

Skill      XL: |  1  2  3 |
---------------+----------+-----
Fighting       | 3 4 |  4.5
Polearms       | 3 |  3.3
Throwing       | |  1.0
Dodging        | |  2.1
Spellcasting   | |  2.4
Translocations | |  2.6

Action                   |  1- 3 |  4- 6 || total
-------------------------+-------+-------++-------
Melee: Spear             |   145 |    44 ||   189
  Use: Potion            |       |     2 ||     2
Armor: Robe              |    46 |    20 ||    66
Dodge: Dodged            |    46 |    26 ||    72

Table legend: (Time is in decaauts)
 A = Elapsed time spent in this place.
 B = Non-inter-level travel time spent in this place.
 C = Inter-level travel time spent in this place.
 D = Time resting spent in this place.
 E = Time spent auto-exploring this place.
 F = Levels seen in this place.
 G = Mean time per level.
                   A        B        C        D        E       F      G
               +--------+--------+--------+--------+--------+-----+--------+
         Total |   2811 |   2758 |     53 |      0 |   2354 |   3 |  937.0 |
       Dungeon |   2811 |   2758 |     53 |      0 |   2354 |   3 |  937.0 |
               +--------+--------+--------+--------+--------+-----+--------+

Top non-repeatable levels by time:
     D:2: 1586 daAuts
     D:1: 1061 daAuts
     D:3: 164 daAuts
